AoeStats
← BMWwilliams5509

Arabia

509818145Analyzed
1v1 RM · 3d ago on Sep 28, 2026· 40m 49s· 2 players
Game mode
Random Map
Map size
Tiny (2 player)
Population
200
Speed
Normal
Resources
Standard
Victory
Conquest
Starting age
Dark Age
Ending age
Imperial Age
RankedLock teamsTeams togetherTeam positionsShared explorationLock speedFull tech treeHidden civsTurbo modeCheats
Victory
Defeat
🇹🇷 Inca · Türkiye
990
+15
🇵🇪 Mongols · Peru
963
-15
mjimenezc29
9:33 Feudal Age
10:54 Double-Bit Axe
21:44 Castle Age
BMWwilliams5509
7:09 Loom
10:05 Feudal Age
12:44 Champi Runner
16:04 Double-Bit Axe
22:16 Castle Age
21:05 Horse Collar
25:05 Fletching
25:16 Padded Archer Armor
25:27 Forging
25:53 Gold Mining
29:03 Elite Skirmisher
32:10 Bodkin Arrow
32:31 Leather Archer Armor
31:57 Crossbowman
32:56 Heavy Plow
33:08 Bow Saw
33:59 Ballistics
37:01 Wheelbarrow
36:12 Town Watch
40:17 Imperial Age
41:01 Murder Holes
Connection lost

Rejoining the realm…

Still unreachable

The connection could not be restored.

Session expired

The server has moved on; the page needs a fresh start.